Cogmind - Beta 15 @@@ ROGUE MODE // 2025.10.11 @ 08:24:51 Player: Jordan Result: Destroyed by TD-F9Y(j) with Overtuned Pulse Rifle Performance ------------- Evolutions (0) 0 Regions Visited (3) 600 Robots Destroyed (6) 30 Value Destroyed (206) 206 Prototype IDs (15) 300 Alien Tech Used (0) 0 Bonus (800) 800 TOTAL SCORE: 1936 Bonus ------- Registered with UFD 300 Met Optimus in HQ 500 Cogmind --------- Core Integrity 0/250 Matter 300/300 Energy 160/160 System Corruption 0% Temperature Hot (265) Movement Hovering (56) Location -8/Scraptown Parts ------- > --- POWER (1) -------- Light Nuclear Core > --- PROPULSION (2) --- Airjet Airjet > --- UTILITY (2) ------ Targeting Computer Reaction Control System > --- WEAPON (2) ------- Subdweller Beam Cannon > --- INVENTORY (5) ---- Improved Heat Sink Particle Cannon Particle Cannon Particle Cannon Grenade Launcher Peak State ------------ > --- POWER ------------ (None) > --- PROPULSION ------- Improved Flight Unit Improved Flight Unit > --- UTILITY ---------- Improved Heat Sink Tech Extrapolator > --- WEAPON ----------- Subdweller Beam Cannon > --- INVENTORY -------- Improved Flight Unit Particle Cannon Particle Cannon Particle Cannon Grenade Launcher [Rating: 18] Favorites ----------- Power Subdweller Power Source Engine Subdweller Power Source Power Core Light Nuclear Core Propulsion Improved Flight Unit Wheel Compact Wheel Hover Unit Airjet Flight Unit Improved Flight Unit Utility Improved Heat Sink Device Improved Heat Sink Processor Targeting Computer Weapon Subdweller Beam Cannon Energy Cannon Subdweller Beam Cannon Ballistic Gun Light Assault Rifle Launcher Grenade Launcher Build | -11 -10 -10 -8 ------- Run | Yrd Mat Sub Scr Slots Evolved . | . . . . Power . | . . . . Propulsion . | . . . . Utility . | . . . . Weapon . | . . . . Parts Attached 25 | 5 6 9 5 Power 4 | 1 . 2 1 Engine 3 | 1 . 2 . Core 1 | . . . 1 Reactor . | . . . . Propulsion 7 | 2 2 1 2 Treads . | . . . . Leg . | . . . . Wheel 2 | 2 . . . Hover 2 | . . . 2 Flight 3 | . 2 1 . Utility 6 | . 2 2 2 Device 2 | . 1 . 1 Storage . | . . . . Processor 4 | . 1 2 1 Hackware . | . . . . Protection . | . . . . Artifact . | . . . . Weapon 8 | 2 2 4 . Energy Gun . | . . . . Energy Cannon 4 | . . 4 . Ballistic Gun 2 | 2 . . . Ballistic Cannon . | . . . . Launcher 2 | . 2 . . Special Weapon . | . . . . Impact Weapon . | . . . . Slashing Weapon . | . . . . Piercing Weapon . | . . . . Special Melee Weapon . | . . . . Unidentified Prototypes 1 | . 1 . . Parts Lost 4 | . . 4 . Power 1 | . . 1 . Propulsion 1 | . . 1 . Utility 1 | . . 1 . Weapon 1 | . . 1 . Highest Loss Streak 2 | . . 2 . To Critical Strikes . | . . . . Average Backups 4 | . 2 3 4 Power . | . . . . Propulsion . | . . . . Utility . | . . . . Weapon 3 | . 2 3 4 Tool/Special . | . . . . Unused Backups 2 | . 1 . 1 Power . | . . . . Propulsion . | . . . . Utility . | . . . . Weapon 2 | . 1 . 1 Tool/Special . | . . . . Average Slot Usage (%) 83 | . 79 82 84 Engine 12 | . 14 11 13 Flight 25 | . 17 24 26 Device 13 | . 4 14 14 Processor 11 | . 8 9 13 Energy Cannon 14 | . . 17 14 Launcher 2 | . 18 3 . Peak Build Rating 18 | 4 14 18 16 Average Rating 14 | 3 9 14 15 On Entrance 8 | . 4 14 16 Naked Turns . | . . . . Heaviest Build 15 | 5 10 14 15 Greatest Support 26 | 26 26 10 16 Greatest Overweight (x) 2 | 1 1 2 1 Average Overweight (x) . | . . . . Largest Inventory Capacity 5 | 5 5 5 5 Average Capacity 5 | 5 5 5 5 Most Carried 5 | 1 5 5 5 Average Carried 4 | . 2 3 4 Final Capacity 5 | 5 5 5 5 Final Carried 5 | 1 4 4 5 Class Distribution -------------------- 100% | Mutant Dominant Class ---------------- Mutant | -10/Materials Mutant | -10/Subcaves Mutant | -8/Scraptown Resources | -11 -10 -10 -8 ----------- Run | Yrd Mat Sub Scr Matter Collected 497 | 261 61 115 60 Remotely . | . . . . Salvage Created 295 | 64 . 231 . Parts 13 | 2 . 11 . Haulers Intercepted . | . . . . Recyclers Shooed . | . . . . Parts Field Recycled . | . . . . Retrieved Matter . | . . . . Parts Self-Destructed 6 | . . 6 . Prevented . | . . . . Kills | -11 -10 -10 -8 ------- Run | Yrd Mat Sub Scr Combat Hostiles Destroyed 5 | . . 5 . Cannons 4 | . . 4 . Classes Destroyed 2 | 1 . 1 . Recycler 1 | 1 . . . Subdweller 5 | . . 5 . Best Kill Streak 2 | 1 . 2 . Combat Bots Only 2 | . . 2 . Max Kills in Single Turn 1 | 1 . 1 . Gunslinging . | . . . . Exploded . | . . . . Melee . | . . . . Uniques/NPCs Destroyed . | . . . . Combat | -11 -10 -10 -8 -------- Run | Yrd Mat Sub Scr Hostile Shots Fired 30 | . 1 23 6 Missed 8 | . 1 5 2 Hits 22 | . . 18 4 Projectile 22 | . . 18 4 Critical Strikes 1 | . . . 1 Damage Taken 555 | . 9 458 88 Core 255 | . . 185 70 Absorbed by Shields . | . . . . Core Remaining (%) 100 | 100 . . . Volleys Fired 55 | 12 . 39 4 Largest 2 | 1 . 2 1 Hottest 136 | 20 . 136 80 Shots Fired 63 | 12 . 47 4 Gun 12 | 12 . . . Cannon 47 | . . 43 4 Launcher 4 | . . 4 . Special . | . . . . Kinetic 12 | 12 . . . Thermal 47 | . . 43 4 Explosive 4 | . . 4 . Electromagnetic . | . . . . Robot Hit Streak 8 | 4 . 6 8 Robot Miss Streak 2 | 1 . 2 1 Penetration Max . | . . . . Secondary Targets . | . . . . Shots Hit Robots 28 | 8 . 17 3 Core Hits 8 | 3 . 5 . Critical Kills 1 | . . 1 . Critical Parts Destroyed . | . . . . Critical Strikes 1 | . . 1 . Meltdown 1 | . . 1 . Melee Attacks . | . . . . Impact . | . . . . Slashing . | . . . . Piercing . | . . . . Sneak Attacks . | . . . . Combat Hostiles . | . . . . Follow-up Attacks . | . . . . Damage Inflicted 551 | 57 . 414 80 Guns 57 | 57 . . . Cannons 494 | . . 414 80 Explosions . | . . . . Melee . | . . . . Ramming . | . . . . Kinetic 57 | 57 . . . Thermal 494 | . . 414 80 Explosive . | . . . . Electromagnetic . | . . . . Impact . | . . . . Slashing . | . . . . Piercing . | . . . . Highest Corruption . | . . . . Average Corruption . | . . . . Corruption Purged . | . . . . Corruption Blocked . | . . . . Overload Shots . | . . . . Overflow Damage . | . . . . Projectiles . | . . . . Explosions . | . . . . Melee . | . . . . Knockbacks . | . . . . Impact . | . . . . Kinetic . | . . . . Secondary . | . . . . Self-Inflicted Damage 18 | . . 18 . Shots 1 | . . 1 . Rammed . | . . . . Targets Rammed . | . . . . Kicked . | . . . . Crushed . | . . . . Highest Temperature 253 | . . . 253 Average Temperature 147 | . . . 147 Received Heat Transfer 115 | . 6 36 73 Siege Activations . | . . . . Martial Activations . | . . . . Shielding Activations . | . . . . Robots Disrupted . | . . . . Combat Hostiles . | . . . . Robots Corrupted . | . . . . Combat Hostiles . | . . . . Parts Fried . | . . . . Impact Corruptions . | . . . . Robots Melted 1 | . . 1 . Combat Hostiles 1 | . . 1 . Parts Melted 2 | . . 2 . Heat Transferred 667 | . . 592 75 Parts Sabotaged . | . . . . Parts Stolen . | . . . . Parts Stripped . | . . . . Power Chain Reactions . | . . . . Alert | -11 -10 -10 -8 ------- Run | Yrd Mat Sub Scr Maximum Alert Level . | . . . . Low Security (%) 100 | 100 100 . . Level 1 . | . . . . Level 2 . | . . . . Level 3 . | . . . . Level 4 . | . . . . Level 5 . | . . . . High Security . | . . . . Max Security . | . . . . Peak Influence 8 | 5 8 . . Initial . | . . . . Average . | . . . . Influence Increases 13 | 5 8 . . Destroy 0b10 Robot/NC 5 | 5 . . . Successful Hack 8 | . 8 . . Influence Decreases 13 | 5 8 . . Time Decay 13 | 5 8 . . Squads Dispatched 1 | . 1 . . Investigation 1 | . 1 . . Extermination . | . . . . Reinforcement . | . . . . Assault . | . . . . Garrison . | . . . . Intercept . | . . . . Searches Triggered . | . . . . Construction Impeded . | . . . . Haulers Reinforced . | . . . . Active Scanning Responses . | . . . . Cargo Convoy Interrupts . | . . . . Stealth | -11 -10 -10 -8 --------- Run | Yrd Mat Sub Scr Distress Signals 1 | . 1 . . Communications Jammed . | . . . . Distress Signals . | . . . . Times Spotted 19 | . 7 7 5 Peak Tracking Total 3 | . 3 2 3 Tactical Retreats . | . . . . Traps | -11 -10 -10 -8 ------- Run | Yrd Mat Sub Scr Traps Triggered 1 | . . 1 . Indirectly . | . . . . Trap Hack Attempts . | . . . . Triggered . | . . . . Disarmed . | . . . . Reprogrammed . | . . . . Reused . | . . . . Traps Extracted . | . . . . Installed . | . . . . Triggered . | . . . . Machines | -11 -10 -10 -8 ---------- Run | Yrd Mat Sub Scr Machines Disabled . | . . . . Max in Single Turn . | . . . . Machines Repaired . | . . . . Machines Dismantled . | . . . . Machines Sabotaged . | . . . . Overloaded Fab Kills . | . . . . Hacking | -11 -10 -10 -8 --------- Run | Yrd Mat Sub Scr Machines Accessed 5 | . 1 . 4 Terminals 1 | . 1 . . Fabricators . | . . . . Repair Stations . | . . . . Recycling Units . | . . . . Scanalyzers . | . . . . Garrison Access . | . . . . Total Hacks 19 | . 2 . 17 Successful 19 | . 2 . 17 Failed . | . . . . Catastrophic . | . . . . Database Lockouts . | . . . . Manual . | . . . . Terminals 2 | . 2 . . Fabricators . | . . . . Repair Stations . | . . . . Recycling Units . | . . . . Scanalyzers . | . . . . Garrison Access . | . . . . Terminal Hacks 19 | . 2 . 17 Record 16 | . . . 16 Robot Analysis 1 | . 1 . . Prototype ID Bank 1 | . 1 . . Proto ID Catalog 1 | . . . 1 Fabricator Hacks . | . . . . Repair Station Hacks . | . . . . Recycling Unit Hacks . | . . . . Scanalyzer . | . . . . Garrison Access Hacks . | . . . . Unauthorized Hacks . | . . . . Terminals . | . . . . Fabricators . | . . . . Repair Stations . | . . . . Recycling Units . | . . . . Scanalyzers . | . . . . Garrison Access . | . . . . Data Cores Recovered 1 | . 1 . . Used 1 | . 1 . . Hacking Detections . | . . . . Full Trace Events . | . . . . Feedback Events . | . . . . Feedback Blocked . | . . . . Robot Schematics Acquired . | . . . . Robots Built . | . . . . Authchips . | . . . . Time . | . . . . Total Robot Build Rating . | . . . . Part Schematics Acquired . | . . . . Parts Built . | . . . . Authchips . | . . . . Time . | . . . . Total Part Build Rating . | . . . . Parts Repaired . | . . . . Time . | . . . . Parts Recycled . | . . . . Recycled Matter . | . . . . Retrieved Matter . | . . . . Retrieved Components . | . . . . Parts Scanalyzed . | . . . . Part Schematics Acquired . | . . . . Parts Damaged . | . . . . Bothacking | -11 -10 -10 -8 ------------ Run | Yrd Mat Sub Scr Used RIF Installer . | . . . . Robots Hacked . | . . . . Non-combat . | . . . . Combat . | . . . . Robot Hacks Applied . | . . . . Relay Couplers Released . | . . . . Fabnet Peak Effective % . | . . . . Robots Rewired . | . . . . Allies Hacked . | . . . . Hacks Repelled . | . . . . Allies | -11 -10 -10 -8 -------- Run | Yrd Mat Sub Scr Total Allies . | . . . . Largest Group . | . . . . Highest-Rated Group . | . . . . Highest-Rated Ally . | . . . . Total Orders . | . . . . Ally Attacks . | . . . . Total Damage . | . . . . Kills . | . . . . Allies Corrupted . | . . . . Allies Melted 1 | . . . 1 Intel | -11 -10 -10 -8 ------- Run | Yrd Mat Sub Scr Active Infowar (turns) 1001 | . 107 859 35 Optics 249 | . 107 142 . Machine Analysis 752 | . . 717 35 Robot Analysis Total 1 | . 1 . . Derelict Logs Recovered 2 | . . . 2 Drone Launches . | . . . . Drone Recoveries . | . . . . Exploration | -11 -10 -10 -8 ------------- Run | Yrd Mat Sub Scr Turns Passed 2665 | 84 166 1300 1115 Spaces Moved 2682 | 65 172 1404 1041 Core 30 | 30 . . . Treads . | . . . . Legs . | . . . . Wheels 92 | 35 57 . . Hover 52 | . . . 52 Flight 2508 | . 115 1404 989 Fastest Speed 37 | 50 37 37 56 Average Speed 88 | 84 54 80 104 Slowest Speed 180 | 100 110 180 120 Overloaded Moves . | . . . . Propulsion Burnouts . | . . . . Robots Hopped 4 | . 3 1 . Potential Cave-ins . | . . . . Cave-ins Triggered . | . . . . Exploration Rate (%) 35 | 3 28 44 66 Regions Visited 3 Branch Regions 2 Pre-discovered Areas 1 | . . 1 . Known Exits Taken . | . . . . Unknown Exits Taken 3 | 1 1 1 . Scrap Searched 10 | . . 8 2 Spaces Dug 19 | . . 19 . Terrain Destroyed 46 | . . 45 1 Melee . | . . . . Projectile 4 | . . 3 1 AOE 42 | . . 42 . Terrain Rammed . | . . . . Walls Destroyed . | . . . . Machines Disabled . | . . . . Actions | -11 -10 -10 -8 --------- Run | Yrd Mat Sub Scr Total 2908 | 82 240 1524 1062 Wait 121 | . 53 67 1 Move 2671 | 64 165 1401 1041 Hop 4 | . 3 1 . Pick Up 5 | . 5 . . Fast Attach 22 | 5 6 6 5 Attach 3 | . . 3 . Detach 11 | 1 3 5 2 Swap . | . . . . Drop 10 | . 5 2 3 Fire 55 | 12 . 39 4 Melee . | . . . . Ram . | . . . . Kick . | . . . . Crush . | . . . . Escape Stasis . | . . . . Rewire 6 | . . . 6 Trap . | . . . . Miscellaneous . | . . . . Route ------- -11/Scrapyard -10/Materials (discovered 3 exits: [*Min x2] / [*Sub]) -10/Subcaves -8/Scraptown (discovered 1 exit: [*Fac]) History --------- Turn | Location | Event 2 | -11/Scrapyard | Met Revision 17 20 | -11/Scrapyard | Discovered new exit (range 14) 85 | -11/Scrapyard | Entered Materials 86 | -10/Materials | Met a group of wandering Federalists 111 | -10/Materials | Discovered new exit (range 7) 135 | -10/Materials | Discovered new exit (range 16) 191 | -10/Materials | Discovered new exit (range 15) 251 | -10/Materials | Entered Subcaves 251 | -10/Subcaves | Accompanied by 2 allies 252 | -10/Subcaves | Continued accompanying wandering Federalists (4) 252 | -10/Subcaves | Approached by a straggling Scientist 257 | -10/Subcaves | Learned location of Zion (-7) 257 | -10/Subcaves | Met a Zionite searching for "candidates" 308 | -10/Subcaves | Build established: Mutant 310 | -10/Subcaves | A swath of the cavern ceiling suddenly collapsed 389 | -10/Subcaves | Shifting Twisted Machinery released Sub. Beam Cannon 463 | -10/Subcaves | Wandering Federalist uncovered a shortcut to Scraptown 473 | -10/Subcaves | Shifting Twisted Machinery released Sub. Power Source 552 | -10/Subcaves | Shifting Twisted Machinery released Sub. Monowheel 623 | -10/Subcaves | Lost 4 allies 737 | -10/Subcaves | Ambushed by Subdwellers from Twisted Machinery 781 | -10/Subcaves | Core integrity fell below 50% 1551 | -10/Subcaves | Entered Scraptown 2004 | -8/Scraptown | Discovered new exit (range 5) 2111 | -8/Scraptown | Scanned Subdweller tech in exchange for log data 2114 | -8/Scraptown | Learned location of 1 exit from Upper Caves 2115 | -8/Scraptown | Learned 8 Research zone layouts 2158 | -8/Scraptown | Visited Comm Corps 2236 | -8/Scraptown | Visited UFD Registry 2238 | -8/Scraptown | Registered with UFD as "Ionrigger" 2299 | -8/Scraptown | Visited Chapter 10 2367 | -8/Scraptown | Visited Infowarlord's Domain 2401 | -8/Scraptown | Visited Scrap Suit Storage 2459 | -8/Scraptown | Met Optimus 2459 | -8/Scraptown | Accepted into 0bPrime 2519 | -8/Scraptown | Visited Science Guys 2583 | -8/Scraptown | Civil war broke out across Scraptown 2610 | -8/Scraptown | Visited Derelict Rescue Squad 2662 | -8/Scraptown | Core integrity fell below 20% 2666 | -8/Scraptown | Destroyed by TD-F9Y(j) with Overtuned Pulse Rifle Last Messages --------------- 02626_ Dropped Imp. Flight Unit. 02627_ Acquired Airjet. 02628_ Acquired 10 matter. 02629_ Acquired Lgt. Nuclear Core. 02631_ Acquired 10 matter. 02639_ 51-78N(p) suffers critical hit (Destroy). 02639_ Slug penetrates Machine. 02639_ Machine disabled. 02639_ 51-78N(p) destroyed. 02639_ Machine disabled. 02641_ ZG-GRS(E) destroyed. 02642_ CN-4R7(j) destroyed. 02654_ Connecting with SS Performance Data... >>Record! "SS/Repair Potential" Up to 20 remaining integrity of a cannibalized component may be used to repair a part of the same general type to no more than 85% of its maximum integrity. Similarly, during this process the Scrap Suit may also repair core damage by 50-100% of the same amount, up to 85% of max core. Builds outside the scope of what the Scrap Suit was designed to support may not gain the full benefits described herein. 02660_ Critical hit (Burn: +50). 02663_ TD-F9Y(j) heat short circuits Ovr. Titanium Leg. Map ----- +----------------------------------------------------+ | ?????????????????????????????????????????????????? | | ?????????????????????????????????????????????????? | | ?????????????????????????????????????????????????? | | ?????????????????????????????????????????????????? | | ?????????????????????????????????????????????????? | | ?????????????????????????????????????????????????? | | ?????????????????????????????????????????????????? | | ####??????????? ????????????????????????????????? | | """#??????????? ????????????????????????????????? | | ##???#######?# ????????????????????????????????? | | #???# #?# #???????????????????????????????? | | #???#! !#?# #???????????????????????????????? | | #???#! !#?# #???????????????????????????????? | | #???#! !#?# #####" ????????????????????????? | | #???#! !#?# #""""" ?????????????????????????? | | #???#! !#?#!=# [ = ??????????????????????????? | | ###??# #?#%!# ???????????????????????????? | | #??# #?#!!=! ????????????????????????????? | | ####??### ###?#%!## #????????????????????????????? | | ######### #####%*## ###########??????????????????? | | """"" """=" ""=[=" "## #"""""#??????????????????? | | =[%*!%*%!%* !! ## !!!!!#??????????????????? | | *!!%*[*=! "## ##"#???????????????? | | ![=[% =!! "## X" #???????????????? | | !%[ !%[ x "## #???????????????? | | !!= [!= j @ #???????????????? | | " """""""" "#; !! !! !#???????????????? | | """"""""""""""" "## #"""""#""#???????????????? | | #############""!! "#############???????????????? | | ##????????#""%* "##############??????????????? | | X"#????????#""= "## """"""""#??????????????? | | ##????????#"" "## " " "#??????????????? | | X"#??????###"" "## "#??????????????? | | ######### #"" = ##! = "#??????????????? | | !% !%[*= [% &"#??????????????? | | ##! & "#??????????????? | | ######### #"" ## " " " "#??????????????? | | ""#??????###"" "## """"""""#??????????????? | | ##????????#"" "##############??????????????? | | X"#????????#"" "#???????????????????????????? | | ##????????#"" "#???????????????????????????? | | ###????######"" "##############??????????????? | | ??????""""""""" "##" """""""""#??????????????? | | ??""""""""""" " """"" """#??????????????? | | ? = "## "" """#??????????????? | | ? =%[ "## " ""#??????????????? | | ? ! "## ""#??????????????? | | ? ## "" "#??????????????? | | ? != # "" X"#??????????????? | | ??"""""""""% """" ## """ "#??????????????? | +----------------------------------------------------+ Best States ------------- Heat Dissipation 39 Energy Generation 15 Energy Capacity 200 Matter Stores 300 Matter Capacity 300 Sight Range 18 Terrain Scan Density 10 Evasion (%) 62 Targeting Accuracy 5 Item Schematics ----------------- None Robot Schematics ------------------ None Fabricated ------------ Nothing Repaired ---------- Nothing Alien Tech Used ----------------- None Achievements -------------- Dynamic Key Challenges ------------ None Game ------ Seed TerrainMyomerLegs Manual? 0 Play Time 00:42:16 Cumulative 5.1 hours Start 2025.10.11 @ 06:43:40 End 2025.10.11 @ 08:24:51 Sessions 3 Manual Loads 0 Difficulty Rogue Special Mode None Game No. 6 Rogue 6 Adventurer 0 Explorer 0 Win Type - Total 0 Types 0/0/0/0/0/0/0/0/0/0 Lore% 4 Gallery% 6 Achievement% 8 Wizard Run 0 Options --------- Layout 1 ASCII 0 Keyboard 1 Movement Arrows Keybinds 0 Fullscreen 1 Font 32/SmallcapsGlow Map View 130x35 Zoom Use 0% Tactical HUD 1 Map Filters NONE Filters NONE Steam 1 RUN: c12f3e61-9db2-442a-92d6-427ec1cd0180